 Dungeon Crawl Stone Soup version 0.19-a0-1091-g463c9de (webtiles) character file.

17 4thArraOfDagon the Ruffian (level 2, -13/26 HPs)
             Began as a Troll Arcane Marksman on Aug 7, 2016.
             Mangled by Menkaure (19 damage)
             ... on level 4 of the Dungeon.
             The game lasted 00:01:39 (427 turns).

4thArraOfDagon the Ruffian (Troll Arcane Marksman)   Turns: 427, Time: 00:01:40

Health: -13/26     AC:  5    Str: 18    XL:     2   Next: 44%
Magic:  2/2        EV: 15    Int:  9    God:
Gold:   27         SH:  0    Dex: 10    Spells: 1 memorised, 2 levels left

rFire  . . .     SeeInvis .       - Unarmed
rCold  . . .     Gourm    +     a - +0 robe
rNeg   . . .     Faith    .     (no shield)
rPois  .         Spirit   .     (helmet restricted)
rElec  .         Dismiss  .     (no cloak)
rCorr  .         Reflect  .     (gloves unavailable)
SustAt .         Harm     .     (boots unavailable)
MR     .....                    (no amulet)
Stlth  ++........               (no ring)
                                g - -4 ring of dexterity (curse)

@: agile
A: unfitting armour, claws 3, fast metabolism 3, gourmand, regeneration 2,
shaggy fur 1, tough skin 2
a: no special abilities


You were on level 4 of the Dungeon.
You were not hungry.

You visited 1 branch of the dungeon, and saw 4 of its levels.

You collected 27 gold pieces.

Inventory:

Missiles
 c - a large rock
 d - a throwing net (quivered)
Armour
 a - a +0 robe (worn)
Jewellery
 g - a cursed -4 ring of dexterity (left claw)
Scrolls
 e - a scroll of remove curse {unknown}
 h - a scroll of immolation {unknown}
Potions
 i - a potion of agility
Books
 b - a book of Debilitation

   Spells                             Type                      Level
   a - Corona                         Hexes                        1
   b - Slow                           Hexes                        2
   c - Gell's Gravitas                Hexes/Translocation          3
   d - Inner Flame                    Hexes/Fire                   3
   e - Cause Fear                     Hexes                        4
   f - Leda's Liquefaction            Hexes/Earth                  4
Comestibles
 f - 4 bread rations


   Skills:
 - Level 0.7 Fighting
 - Level 1.7 Throwing
 - Level 1.5 Dodging
 * Level 2.2 Unarmed Combat
 - Level 1.0 Spellcasting
 - Level 2.0 Hexes


You had 2 spell levels left.
You knew the following spells:

 Your Spells              Type           Power        Failure   Level  Hunger
a - Corona                Hex            #......      17%         1    ##.....


Dungeon Overview and Level Annotations

Branches:
Dungeon (4/15)
 Temple: D:4-7

Altars:

Annotations:
D:4 Menkaure


Innate Abilities, Weirdness & Mutations

You are too large for most types of armour.
You have claws for hands.
Your metabolism is lightning-fast.
You like to eat raw meat.
You heal very quickly.
You are covered in fur. (AC +1)
You have very tough skin. (AC +2)


Message History

You scratch Menkaure but do no damage.
Menkaure is moderately damaged.
Menkaure struggles against the net.
The net rips apart, and Menkaure comes free!
You claw Menkaure!
Menkaure is severely damaged.
Menkaure barely misses you.
You scratch Menkaure.
Menkaure is almost destroyed.
Menkaure barely misses you.
Unknown command.
You scratch Menkaure.
Menkaure is almost destroyed.
Menkaure closely misses you.
Unknown command.
You barely miss Menkaure.
Menkaure is almost destroyed.
Menkaure hits you!!
Ouch! That really hurt!
You die...

#######+###
#..........
#..........
#..<.......
#.@........
#....M..######
+.......#
#.......#
#.......#
#.....((#
...###### ....


You could see Menkaure.

Vanquished Creatures
  A worm (D:3)
  2 ball pythons
  2 bats
  2 giant cockroaches
  2 goblins
  A quokka (D:2)
  2 giant newts
  A kobold (D:1)
  A rat (D:2)
14 creatures vanquished.

Notes
Turn   | Place    | Note
-------+----------+-------------------------------------------
     0 | D:1      | 4thArraOfDagon the Troll Arcane Marksman began the quest for the Orb.
     0 | D:1      | Reached XP level 1. HP: 18/18 MP: 1/1
    87 | D:1      | Reached skill level 1 in Unarmed Combat
   215 | D:2      | Reached XP level 2. HP: 20/26 MP: 2/2
   414 | D:4      | Noticed Menkaure
   417 | D:4      | HP: 1/26 [Menkaure/nerve-wracking pain (12)]
   427 | D:4      | Mangled by Menkaure

Vault maps used:
D:1:      dpeg_arrival_ternary
D:3:      first_bread, minivault_19, minmay_rats_cheesy_pizza
D:4:      tgw_kikubaaqudgha, uniq_menkaure

Skill      XL: |  1  2 |
---------------+-------+-----
Unarmed Combat | 1 2 |  2.2
Fighting       | |  0.7
Throwing       | |  1.7
Dodging        | |  1.5
Spellcasting   | |  1.0
Hexes          | |  2.0

Action                   || total
-------------------------++-------
Melee: Unarmed           ||    48
Throw: Large rock        ||     3
       Throwing net      ||     1
  Use: Potion            ||     1
 Stab: Held in net/web   ||     1
  Eat: Chunk             ||     1
Armor: Robe              ||    24
Dodge: Dodged            ||    38
